 Dungeon Crawl Stone Soup version 0.30.1-9-gdf580d7c3d (webtiles) character file.

Game seed: 17570818174487640874

799 Danienth the Sneak (level 7, -2/34 HPs)
             Began as a Spriggan Enchanter on Oct 5, 2023.
             Was a Follower of Okawaru.
             Succumbed to a hornet's poison
             ... on level 7 of the Dungeon.
             The game lasted 00:36:35 (3311 turns).

Danienth the Sneak (Spriggan Enchanter)             Turns: 3311, Time: 00:36:35

Health: -2/34      AC:  6    Str:  6    XL:     7   Next: 59%
Magic:  13/13      EV: 17    Int: 17    God:    Okawaru [*.....]
Gold:   224        SH:  4    Dex: 15    Spells: 4/13 levels left

rFire   . . .        k - +3 dagger (flame)
rCold   . . .        q - +0 buckler
rNeg    . . .        b - +0 robe
rPois   .            (helmet restricted)
rElec   .            (no cloak)
rCorr   .            (gloves unavailable)
SInv    +            (boots unavailable)
Will    +....        g - amulet of magic regeneration
Stlth   +++          j - +4 ring of protection
HPRegen 0.25/turn    (no ring)
MPRegen 0.53/turn

%: no passive effects
@: mighty, lethally poisoned (-2 -> -19), very slightly contaminated, slowed,
quick
A: very small, no large weapons, unfitting armour, see invisible, speed 3
a: Renounce Religion, Heroism


You were on level 7 of the Dungeon.
You worshipped Okawaru.
Okawaru was aware of your devotion.
You visited 1 branch of the dungeon, and saw 6 of its levels.

You collected 224 gold pieces.

Inventory:

Hand Weapons
 k - a +3 dagger of flaming (weapon)
 s - a +2 dagger of electrocution
Missiles
 i - 7 poisoned darts (quivered)
Armour
 b - a +0 robe (worn)
 q - a +0 buckler (worn)
Jewellery
 g - an amulet of magic regeneration (around neck)
 j - a +4 ring of protection (left hand)
Scrolls
 m - a scroll of torment {unknown}
 t - a scroll of fear {unknown}
Potions
 e - a potion of mutation
 f - 3 potions of curing
 n - 2 potions of brilliance
 o - a potion of attraction
 p - a potion of resistance
 r - a potion of lignification {unknown}


   Skills:
 + Level 1.7 Fighting
 * Level 5.7 Short Blades
 + Level 1.4 Throwing
 - Level 3.4 Dodging
 - Level 6.2 Stealth
 + Level 1.6 Shields
 - Level 3.9 Spellcasting
 - Level 4.8 Hexes
 - Level 0.7 Transmutations
 - Level 1.0 Ice Magic
 - Level 0.3 Poison Magic


You had 4 spell levels left.
You knew the following spells:

 Your Spells              Type           Power      Damage    Failure   Level
a - Sting                 Tmut/Pois      20%        1d4       22%         1
b - Ensorcelled Hibernat  Hex/Ice        26%        N/A       12%         2
c - Confusing Touch       Hex            19%        N/A       12%         3
d - Tukima's Dance        Hex            19%        N/A       12%         3

Your spell library contained the following spells:

 Spells                   Type           Power      Damage    Failure   Level
 Dazzling Flash           Conj/Hex       22%        N/A       30%         3
 Poisonous Vapours        Pois/Air       6%         N/A       36%         2
 Olgreb's Toxic Radiance  Pois           4%         N/A       94%         4


Dungeon Overview and Level Annotations

Branches:
Dungeon (7/15)
 Temple: D:4-7

Altars:
Okawaru
Uskayaw

Annotations:
D:7 Joseph


Innate Abilities, Weirdness & Mutations

You are very small and have problems with some larger weapons.
You are too small for most types of armour.
You have supernaturally acute eyesight. (SInv)
You cover ground extremely quickly. (Speed+++)


Message History

Casting: Ensorcelled Hibernation (safe; 12% risk of failure)
Confirm with . or Enter, or press ? or * to list all spells.
Aiming: Ensorcelled Hibernation (safe; 12% risk of failure)
Press: ? - help, Shift-Dir - straight line, f - hornet
Aim: a hornet (chance to affect: 37%)
Okay, then.
Casting: Ensorcelled Hibernation (safe; 12% risk of failure)
Confirm with . or Enter, or press ? or * to list all spells.
Aiming: Sting (safe; 22% risk of failure)
Press: ? - help, Shift-Dir - straight line, f - hornet
Aim: a hornet (52% to hit)
You miscast Sting.
You are very lightly contaminated with residual magic.
Nothing appears to happen.
You hit the hornet. You burn the hornet.
The hornet is lightly wounded.
The hornet misses you. You block the hornet's attack.
You feel very mighty all of a sudden. The hornet barely misses you.
Joseph shouts!
You hit the hornet. You burn the hornet.
The hornet is moderately wounded.
The hornet barely misses you.
You hit the hornet. You burn the hornet.
The hornet is heavily wounded.
The hornet stings you!
You suddenly lose the ability to move!
The hornet barely misses you. The hornet stings you.
You feel yourself slow down.
You feel yourself speed up. The hornet stings you!
You are poisoned.
You feel yourself slow down. The hornet stings you!
* * * LOW HITPOINT WARNING * * *
You are more poisoned.
You feel as though you will be slow longer.
You can move again.
Blink to where?
Press: ? - help, Dir - move target, p - hornet
As you read the scroll of blinking, it crumbles to dust.
You die...

#......#.........#
#......#...>.....#
...>..y#ยง........#
<....@.##y......##
.>.....##.......##
.......#..@......#
.......'.........#
.......#.........#
#....####.@...####
#... ##+#### ... ..
.


You could see Joseph and a hornet.

Vanquished Creatures
  A water moccasin (D:5)
  An ogre (D:4)
  The ghost of bairyn the Caller, an amateur DESu (D:3)
  A scorpion (D:3)
  A howler monkey (D:4)
  2 orc priests
  2 iguanas (D:4)
  6 orc wizards
  5 adders
  2 worms
  A dart slug (D:4)
  24 orcs
  9 ball pythons
  6 endoplasms
  A giant cockroach (D:1)
  6 goblins
  8 hobgoblins
  11 jackals
  7 kobolds
  3 quokkas
  9 bats
  2 frilled lizards
  9 rats
118 creatures vanquished.

Vanquished Creatures (collateral kills)
  An orc (D:4)
1 creature vanquished.

Vanquished Creatures (others)
  2 dancing weapons (D:4)
2 creatures vanquished.

Grand Total: 121 creatures vanquished

Notes
Turn   | Place    | Note
-------+----------+-------------------------------------------
     0 | D:1      | Danienth the Spriggan Enchanter began the quest for the
                  | Orb.
     0 | D:1      | Reached XP level 1. HP: 9/9 MP: 5/5
    15 | D:1      | Learned a level 1 spell: Sting
   127 | D:1      | Reached XP level 2. HP: 4/13 MP: 6/6
   182 | D:1      | Learned a level 2 spell: Ensorcelled Hibernation
   209 | D:1      | Reached skill level 5 in Stealth
   603 | D:1      | Reached XP level 3. HP: 16/16 MP: 8/8
  1063 | D:2      | Reached skill level 6 in Stealth
  1141 | D:2      | Reached XP level 4. HP: 21/21 MP: 9/9
  1482 | D:3      | Noticed a scorpion
  1488 | D:3      | Killed a scorpion
  1489 | D:3      | Reached XP level 5. HP: 24/24 MP: 7/11
  1508 | D:3      | Learned a level 3 spell: Confusing Touch
  1512 | D:3      | Learned a level 3 spell: Tukima's Dance
  1962 | D:3      | Reached skill level 1 in Ice Magic
  2152 | D:3      | Found a runed translucent door.
  2159 | D:3      | Noticed bairyn's ghost (amateur DESu)
  2396 | D:3      | Killed bairyn's ghost
  2397 | D:3      | Reached XP level 6. HP: 29/29 MP: 12/12
  2436 | D:4      | Reached skill level 1 in Fighting
  2442 | D:4      | HP: 1/30 [orc/+0 falchion (6)]
  2455 | D:4      | Reached skill level 1 in Shields
  2504 | D:4      | Found an iron altar of Okawaru.
  2512 | D:4      | Became a worshipper of Warmaster Okawaru
  2731 | D:4      | Reached XP level 7. HP: 24/33 MP: 13/13
  2818 | D:4      | Reached skill level 5 in Short Blades
  2818 | D:4      | Reached skill level 1 in Throwing
  3002 | D:5      | Entered Level 5 of the Dungeon
  3027 | D:5      | Found a hide-covered altar of Uskayaw.
  3173 | D:5      | Reached * piety under Okawaru
  3269 | D:5      | You fall into a shaft and drop 2 floors!
  3293 | D:7      | Noticed Joseph
  3293 | D:7      | Noticed a hornet
  3308 | D:7      | Paralysed by a hornet for 2 turns
  3311 | D:7      | Succumbed to a hornet's poison

Illustrated notes

Levels and vault maps discovered:
D:1:      dpeg_arrival_rooms_with_view, layout_rooms
D:2:      layout_rooms, corner_web_ring
D:3:      layout_loops_ring, ebering_ghost_reflecting_pool
D:4:      layout_cave_pools, okawaru_gym_becter, serial_bayou_pond_d
D:5:      layout_basic, zin_treasury, kennysheep_little_box, uniq_edmund
D:7:      layout_gridville, temple_pool_b, minmay_misc_feat_enclosed,
          kennysheep_generic_room_15, uniq_joseph

Skill      XL: |  1  2  3  4  5  6  7 |
---------------+----------------------+-----
Stealth        | 5 6 |  6.2
Hexes          | 4 |  4.8
Spellcasting   | 3 |  3.9
Short Blades   | 2 3 4 5 |  5.7
Dodging        | 3 |  3.4
Ice Magic      | 1 |  1.0
Fighting       | 1 |  1.7
Shields        | 1 |  1.6
Throwing       | 1 |  1.4
Transmutations | |  0.7
Poison Magic   | |  0.3

Action                     |  1- 3 |  4- 6 |  7- 9 || total
---------------------------+-------+-------+-------++-------
  Melee: Dagger            |   121 |   148 |    32 ||   301
  Throw: Dart              |     5 |    11 |     7 ||    23
   Cast: Sting             |     9 |    12 |       ||    21
         Ensorcelled Hiber |    16 |    45 |     2 ||    63
         Tukima's Dance    |       |     3 |       ||     3
    Use: Scroll            |     3 |     3 |     6 ||    12
         Potion            |       |     7 |     1 ||     8
   Stab: Sleeping          |    22 |    27 |     3 ||    52
         Invisible         |       |     2 |       ||     2
 Armour: Robe              |    13 |    27 |     3 ||    43
  Dodge: Dodged            |    90 |   141 |    13 ||   244
  Block: Buckler           |       |    22 |     4 ||    26
